 Dungeon Crawl Stone Soup version 0.30-a0-1116-gebefce21f7 (webtiles) character file.

Game seed: 5211642698208223332

156 Newt the Shooter (level 5, -2/35 HPs)
             Began as a Kobold Hunter on Apr 21, 2023.
             Succumbed to a water moccasin's poison
             ... in a sewer.
             The game lasted 00:02:06 (2831 turns).

Newt the Shooter (Kobold Hunter)                    Turns: 2831, Time: 00:02:07

Health: -2/35      AC:  3    Str:  8    XL:     5   Next: 65%
Magic:  5/5        EV: 14    Int: 11    God:
Gold:   145        SH:  0    Dex: 20    Spells: 4/4 levels left

rFire   . . .      SeeInvis .    a - +0 shortbow
rCold   . . .      Faith    .    (shield currently unavailable)
rNeg    . . .      Spirit   .    c - +0 leather armour
rPois   .          Reflect  .    (no helmet)
rElec   .          Rampage  .    (no cloak)
rCorr   .                        (no gloves)
Will    .....                    (no boots)
Stlth   +++                      i - amulet of the acrobat
HPRegen 0.25/turn                (no ring)
MPRegen 0.09/turn                (no ring)

@: lethally poisoned (-2 -> -27)
A: small, no large weapons, nightstalker 3
a: no special abilities


You were in a sewer.
You visited 1 branch of the dungeon, and saw 3 of its levels.
You also visited: Sewer.

You collected 145 gold pieces.

Inventory:

Hand Weapons
 a - a +0 shortbow (weapon)
Armour
 c - a +0 leather armour (worn)
Jewellery
 d - a ring of positive energy
 e - a ring of ice
 i - an amulet of the acrobat (around neck)
Wands
 k - a wand of polymorph (7)
Scrolls
 b - a scroll of immolation
 f - a scroll of blinking
 g - 2 scrolls of noise
 l - a scroll of amnesia
Potions
 h - a potion of degeneration
 j - 2 potions of berserk rage


   Skills:
 - Level 5.0 Fighting
 + Level 6.6 Ranged Weapons
 - Level 2.4 Dodging
 - Level 1.3 Stealth


You had 4 spell levels left.
You didn't know any spells.
Your spell library contained the following spells:

 Spells                   Type           Power      Damage    Failure   Level
 Dazzling Flash           Conj/Hex       0%         N/A       83%         3
 Volatile Blastmotes      Fire/Tloc      0%         2d10      83%         3
 Iskenderun's Mystic Bla  Conj/Tloc      0%         2d3       99%         4
 Starburst                Conj/Fire      0%         6d3       100%        6


Dungeon Overview and Level Annotations

Branches:
Dungeon (3/15)              Sewer (1/1)

Altars:
Kikubaaqudgha


Innate Abilities, Weirdness & Mutations

You are small and have problems with some larger weapons.
You are completely attuned to the shadows.


Message History

The water moccasin is lightly wounded.
You shoot an arrow.
The arrow hits the water moccasin but does no damage.
The water moccasin is lightly wounded.
The water moccasin bites you.
You shoot an arrow.
The arrow hits the water moccasin but does no damage.
The water moccasin is lightly wounded.
The water moccasin barely misses you.
You shoot an arrow.
The arrow closely misses the water moccasin.
The water moccasin bites you. The water moccasin barely misses you.
You shoot an arrow. The arrow hits the water moccasin!
The water moccasin is moderately wounded.
The water moccasin barely misses you.
The water moccasin bites you but does no damage.
Unknown command.
The water moccasin attacks as you move away!
The water moccasin bites you!
You shoot an arrow. The arrow hits the water moccasin.
The water moccasin is heavily wounded.
The water moccasin bites you.
You are poisoned.
The water moccasin poisons you!
The water moccasin completely misses you.
You shoot an arrow. The arrow hits the water moccasin.
The water moccasin is heavily wounded.
You feel very sick. The water moccasin misses you.
The water moccasin barely misses you.
Unknown command.
You shoot an arrow. The arrow hits the water moccasin.
The water moccasin is severely wounded.
* * * LOW HITPOINT WARNING * * *
You feel very sick. The water moccasin bites you!
* * * LOW HITPOINT WARNING * * *
You are more poisoned.
The water moccasin poisons you!
It was a potion of magic.
Magic courses through your body.
You die...

#.# ####### #.#
##.....## #.#
##...≈...#
#.#######...≈≈≈...
#..........≈≈≈≈≈†∩
#.#######†..≈≈≈...
#.# ##...≈...# #@#
##.....## #S#
####### #.....#
#.......#
#.......#
#.......#


You could see a water moccasin.

Vanquished Creatures
  Natasha (thrice) (D:2)
  2 adders (D:2)
  A worm (D:2)
  2 dart slugs
  An orc (D:3)
  8 ball pythons
  5 endoplasms (D:2)
  A giant cockroach (D:2)
  3 goblins
  3 hobgoblins
  7 kobolds
  3 quokkas
  10 bats
  5 frilled lizards
  5 rats
59 creatures vanquished.

Notes
Turn   | Place    | Note
-------+----------+-------------------------------------------
     0 | D:1      | Newt the Kobold Hunter began the quest for the Orb.
     0 | D:1      | Reached XP level 1. HP: 12/12 MP: 1/1
   172 | D:1      | Reached XP level 2. HP: 18/18 MP: 2/2
   393 | D:1      | Reached XP level 3. HP: 23/23 MP: 3/3
   787 | D:2      | Found an ancient bone altar of Kikubaaqudgha.
   822 | D:2      | Noticed Natasha
   832 | D:2      | Killed Natasha
   833 | D:2      | Reached XP level 4. HP: 3/30 MP: 4/4
  1530 | D:2      | Noticed Natasha
  1537 | D:2      | Killed Natasha
  1538 | D:2      | Reached skill level 5 in Fighting
  1539 | D:2      | Reached XP level 5. HP: 16/35 MP: 5/5
  1910 | D:2      | Reached skill level 6 in Ranged Weapons
  2158 | D:2      | Noticed Natasha
  2170 | D:2      | Killed Natasha
  2768 | D:3      | Found a glowing drain.
  2777 | Sewer    | Entered a sewer
  2821 | Sewer    | Noticed a water moccasin
  2831 | Sewer    | Succumbed to a water moccasin's poison

Illustrated notes

Levels and vault maps discovered:
D:1:      dpeg_arrival_connections, layout_basic, minmay_misc_feat_tower
D:2:      layout_basic, basic_altar, serial_curves, eino_curves_01,
          eino_curves_03, eino_curves_03, eino_curves_04, nrook_mini_backslash,
          uniq_natasha
D:3:      layout_loops_corners, portal_sewer_entry_a,
          dreamdust_ecumenical_altar_hidden_monk_grotto, mrwooster_statue_mirror
Sewer:    sewer_big_baddie

Skill      XL: |  1  2  3  4  5 |
---------------+----------------+-----
Fighting       | 3 4 5 |  5.0
Ranged Weapons | 6 |  6.6
Dodging        | |  2.4
Stealth        | |  1.3

Action                     |  1- 3 |  4- 6 || total
---------------------------+-------+-------++-------
  Melee: Unarmed           |       |     5 ||     5
   Fire: Shortbow          |    53 |    90 ||   143
    Use: Scroll            |     1 |     4 ||     5
         Potion            |       |     1 ||     1
 Armour: Leather armour    |     7 |    10 ||    17
         Skin              |       |     4 ||     4
  Dodge: Dodged            |    26 |    49 ||    75

Table legend: (Time is in decaauts)
 A = Elapsed time spent in this place.
 B = Non-inter-level travel time spent in this place.
 C = Inter-level travel time spent in this place.
 D = Time resting spent in this place.
 E = Time spent auto-exploring this place.
 F = Levels seen in this place.
 G = Mean time per level.
                   A        B        C        D        E       F      G
               +--------+--------+--------+--------+--------+-----+--------+
         Total |   2875 |   2827 |     48 |    488 |   2012 |   4 |  718.8 |
       Dungeon |   2816 |   2768 |     48 |    488 |   1983 |   3 |  938.7 |
         Sewer |     58 |     58 |      0 |      0 |     29 |   1 |   58.0 |
               +--------+--------+--------+--------+--------+-----+--------+

Top non-repeatable levels by time:
     D:2: 1445 daAuts
     D:1: 797 daAuts
     D:3: 573 daAuts
   Sewer: 58 daAuts
